 Dungeon Crawl Stone Soup version 0.23.0-3-gf3c87f2df8 (webtiles) character file.

Game seed: 2833236286530427144

146 lilly the Cudgeler (level 5, -4/47 HPs)
             Began as a Minotaur Monk on Feb 21, 2019.
             Was an Initiate of Gozag.
             Slain by an orc
             ... wielding a +2 vampiric trident
              (5 damage)
             ... on level 3 of the Dungeon.
             The game lasted 00:05:15 (2204 turns).

lilly the Cudgeler (Minotaur Monk)                  Turns: 2204, Time: 00:05:16

Health: -4/47      AC:  8    Str: 17    XL:     5   Next: 7%
Magic:  4/4        EV: 10    Int:  7    God:    Gozag
Gold:   204        SH:  0    Dex: 10    Spells: 4/4 levels left

rFire    + . .     SeeInvis .   a - +0 mace
rCold    . . .     Gourm    .   (no shield)
rNeg     . . .     Faith    .   m - +0 scale mail
rPois    .         Spirit   .   (helmet restricted)
rElec    .         Reflect  .   (no cloak)
rCorr    .         Harm     .   l - +0 pair of gloves
MR       .....                  j - +0 pair of boots
Stlth    ..........             (no amulet)
HPRegen  0.15/turn              (no ring)
MPRegen  0.09/turn              (no ring)

@: gold aura, hasted, very quick
A: retaliatory headbutt, horns 2, clumsy 1, fire resistance 1
a: Potion Petition, Call Merchant, Bribe Branch, Renounce Religion


You were on level 3 of the Dungeon.
You worshipped Gozag.
Gozag was aware of your devotion.
You were hungry.

You visited 1 branch of the dungeon, and saw 3 of its levels.

You collected 204 gold pieces.

Inventory:

Hand Weapons
 a - a +0 mace (weapon)
Armour
 j - a +0 pair of boots (worn)
 l - a +0 pair of gloves (worn)
 m - a +0 scale mail (worn)
Scrolls
 b - a scroll of identify
 d - a scroll of teleportation {unknown}
 e - a scroll of remove curse
 h - 2 scrolls of fear
 k - 2 scrolls of enchant armour {unknown}
Comestibles
 c - 8 rations


   Skills:
 + Level 4.6 Fighting
 * Level 5.8 Maces & Flails
 + Level 0.4 Armour
 + Level 3.8 Dodging
 + Level 1.8 Stealth


You had 4 spell levels left.
You didn't know any spells.
Your spell library was empty.

Dungeon Overview and Level Annotations

Branches:
Dungeon (3/15)

Altars:
Gozag


Innate Abilities, Weirdness & Mutations

You reflexively headbutt those who attack you in melee.
You have a pair of horns on your head.
You are clumsy. (Dex -2)
Your flesh is heat resistant. (rF+)


Message History

You hit the orc.
The orc is severely wounded.
The orc hits you but does no damage.
You closely miss the orc.
The orc is severely wounded.
You hit the orc.
You kill the orc!
Things that are here:
7 gold pieces; a cursed +0 leather armour You hit the orc.
The orc is no longer distracted by gold.
The orc is heavily wounded.
The orc hits you with a +2 vampiric trident.
* * * LOW HITPOINT WARNING * * *
The orc draws strength from your wounds!
You hit the orc. Your headbutt misses the orc.
The orc is lightly wounded.
The orc hits you with a +2 vampiric trident.
You die...
Your body crumbles into a pile of gold.

$..### ##### ......
#...# ...... # #
#...########...
#.#.#####..............
...#...#........(.....
.....###.....[...[..
#.o.# #.........###
#$@.# #.........# #.$.#
#.........#
#.$$###.........###
#$$.'.'.........'..
#...###.........###
....#### ####......#
..... ######## #.....
...###


You could see an orc.

Vanquished Creatures
  An orc priest (D:3)
  An orc wizard (D:3)
  4 adders
  2 dart slugs (D:2)
  4 orcs (D:3)
  A ball python (D:1)
  6 giant cockroaches
  5 goblins
  4 hobgoblins
  4 jackals (D:3)
  5 kobolds
  2 bats
  A frilled lizard (D:1)
  3 rats
43 creatures vanquished.

Notes
Turn   | Place    | Note
-------+----------+-------------------------------------------
     0 | D:1      | lilly the Minotaur Monk began the quest for the Orb.
     0 | D:1      | Reached XP level 1. HP: 19/19 MP: 0/0
    30 | D:1      | Reached skill level 4 in Maces & Flails
   107 | D:1      | Reached XP level 2. HP: 24/26 MP: 1/1
  1072 | D:2      | Reached XP level 3. HP: 29/33 MP: 2/2
  1213 | D:2      | Found an opulent altar of Gozag.
  1223 | D:2      | Became a worshipper of Gozag Ym Sagoz the Greedy
  1298 | D:2      | Gained mutation: You are clumsy. (Dex -2) [potion of
                  | mutation]
  1298 | D:2      | Gained mutation: Your flesh is heat resistant. (rF+)
                  | [potion of mutation]
  2135 | D:3      | Reached XP level 4. HP: 41/41 MP: 3/3
  2170 | D:3      | Reached skill level 5 in Maces & Flails
  2195 | D:3      | Reached XP level 5. HP: 5/47 MP: 4/4
  2203 | D:3      | HP: 1/47 [orc/+2 vampiric trident (4)]
  2204 | D:3      | Slain by an orc

Skill      XL: |  1  2  3  4 |
---------------+-------------+-----
Maces & Flails | 4 5 |  5.8
Fighting       | 4 |  4.6
Armour         | |  0.4
Dodging        | |  3.8
Stealth        | |  1.8

Action                   |  1- 3 |  4- 6 || total
-------------------------+-------+-------++-------
Melee: Mace              |    77 |    35 ||   112
       Headbutt          |     3 |     6 ||     9
  Use: Scroll            |     5 |       ||     5
       Potion            |     1 |     2 ||     3
 Stab: Sleeping          |     2 |       ||     2
  Eat: Ration            |     1 |       ||     1
Armor: Robe              |     4 |       ||     4
       Scale mail        |    22 |    14 ||    36
Dodge: Dodged            |    50 |    22 ||    72
